PR
FORT KNOX CENTENNIAL @ VALLEY VIEW COUGARS
06/05/2034
 
TOP OF THE 1ST
Fort Knox Centennial batting - Pitching for Valley View Cougars : RHP Malcolm Bullard
Pitching: RHP Malcolm Bullard
Batting: RHB Adam Smith 0-0: Ball
1-0: Called Strike
1-1: Ball
2-1: Foul Ball, location: 2F
2-2: Strikes out swinging
Batting: RHB Luis Rodríguez 0-0: Called Strike
0-1: Called Strike
0-2: Ball
1-2: Strikes out swinging
Batting: LHB Nelson López 0-0: Swinging Strike
0-1: Ball
1-1: Ground out U3 (Groundball, 3L)
Top of the 1st over - 0 runs, 0 hits, 0 errors, 0 left on base; Fort Knox 0 - Valley View 0
BOTTOM OF THE 1ST
Valley View Cougars batting - Pitching for Fort Knox Centennial : RHP Jacob Swanson
Pitching: RHP Jacob Swanson
Batting: RHB Gene Payne 0-0: Ball
1-0: Ball
2-0: Foul Ball, location: 2F
2-1: Swinging Strike
2-2: Fly out, F9 (Flyball, 9)
Batting: LHB Bill Stanton 0-0: Swinging Strike
0-1: Foul Ball, location: 2F
0-2: Strikes out swinging
Batting: LHB Ricardo Yates 0-0: Called Strike
0-1: Swinging Strike
0-2: Strikes out swinging
Bottom of the 1st over - 0 runs, 0 hits, 0 errors, 0 left on base; Fort Knox 0 - Valley View 0
TOP OF THE 2ND
Fort Knox Centennial batting - Pitching for Valley View Cougars : RHP Malcolm Bullard
Batting: LHB Ricardo Varela 0-0: Ball
1-0: Ball
2-0: Called Strike
2-1: Foul Ball, location: 2F
2-2: Ball
3-2: Base on Balls
Batting: LHB Tomislav Jovovich 0-0: Fly out, F5 (Flyball, 5D)
Batting: RHB Roland Reece 0-0: Fly out, F7 (Flyball, 7S)
Batting: RHB Asbel Kiprop 0-0: Fly out, F9 (Flyball, 89D)
Top of the 2nd over - 0 runs, 0 hits, 0 errors, 1 left on base; Fort Knox 0 - Valley View 0
BOTTOM OF THE 2ND
Valley View Cougars batting - Pitching for Fort Knox Centennial : RHP Jacob Swanson
Batting: LHB Tim Gonzáles 0-0: Called Strike
0-1: Called Strike
0-2: Ball
1-2: Ball
2-2: Ball
3-2: Base on Balls
Batting: RHB Luis Rodríguez 0-0: Foul Ball, location: 2F
0-1: Foul Ball, location: 2F
0-2: Foul Ball, location: 2F
0-2: Strikes out looking
Batting: SHB Jesús Beldad 0-0: Foul Ball, location: 2F
0-1: Ball
1-1: DOUBLE (Flyball, 89D)
Tim Gonzáles to third
Batting: LHB Guan-pei Bei 0-0: SINGLE (Line Drive, 9S)
Tim Gonzáles scores
Jesús Beldad to third
Runner from 3rd tries for Home, SAFE, no throw
Batting: RHB Salvador Hernández 0-0: Ball
1-0: Ball
2-0: Called Strike
2-1: SINGLE (Groundball, 56D)
Guan-pei Bei to second
Batting: SHB Marc Cadiou 0-0: Swinging Strike
0-1: Foul Ball, location: 2F
0-2: Ball
1-2: Ball
2-2: Foul Ball, location: 2F
2-2: Strikes out swinging
Batting: RHB Gene Payne 0-0: Called Strike
0-1: Ball
1-1: Ball
2-1: Ball
3-1: Ground out 6-3 (Groundball, 6S)
Bottom of the 2nd over - 2 runs, 3 hits, 0 errors, 2 left on base; Fort Knox 0 - Valley View 2
TOP OF THE 3RD
Fort Knox Centennial batting - Pitching for Valley View Cougars : RHP Malcolm Bullard
Batting: LHB Arhippa Salmivirta 0-0: Called Strike
0-1: SINGLE (Groundball, 4MD)
Batting: LHB Carel van Putten 0-0: Called Strike
Arhippa Salmivirta steals 2nd base
0-1: Ball
Wild Pitch!
Arhippa Salmivirta to third
1-1: Fly out, F8 (Flyball, 8RD)
Runner from 3rd tags up, OUT at HOME
Batting: RHB Adam Smith 0-0: Ground out 3-1 (Groundball, 34)
Top of the 3rd over - 0 runs, 1 hit, 0 errors, 0 left on base; Fort Knox 0 - Valley View 2
BOTTOM OF THE 3RD
Valley View Cougars batting - Pitching for Fort Knox Centennial : RHP Jacob Swanson
Batting: LHB Bill Stanton 0-0: SOLO HOME RUN (Flyball, 9D), Distance : 382 ft
Batting: LHB Ricardo Yates 0-0: Called Strike
0-1: Foul Ball, location: 2F
0-2: Strikes out swinging
Batting: LHB Tim Gonzáles 0-0: Ball
1-0: Called Strike
1-1: Swinging Strike
1-2: Ball
2-2: Strikes out swinging
Batting: RHB Luis Rodríguez 0-0: Fly out, F4 (Popup, 4)
Bottom of the 3rd over - 1 run, 1 hit, 0 errors, 0 left on base; Fort Knox 0 - Valley View 3
TOP OF THE 4TH
Fort Knox Centennial batting - Pitching for Valley View Cougars : RHP Malcolm Bullard
Batting: RHB Luis Rodríguez 0-0: Ball
1-0: Called Strike
1-1: Swinging Strike
1-2: SINGLE (Flyball, 78M)
Batting: LHB Nelson López 0-0: Ball
1-0: Ball
2-0: Called Strike
2-1: Ball
3-1: Foul Ball, location: 2F
3-2: Strikes out swinging
Batting: LHB Ricardo Varela 0-0: Ball
1-0: Called Strike
1-1: SINGLE (Flyball, 89S)
Luis Rodríguez to second
Runner from 2nd tries for 3rd, SAFE, no throw
Batting: LHB Tomislav Jovovich 0-0: Foul Ball, location: 2F
0-1: Reached on error, E6 (Groundball, 6S)
Luis Rodríguez scores
Ricardo Varela to second
Batting: RHB Roland Reece 0-0: Fly out, F4 (Line Drive, 34)
Batting: RHB Asbel Kiprop 0-0: Ball
1-0: Called Strike
1-1: Foul Ball, location: 2F
1-2: Ball
2-2: Strikes out looking
Top of the 4th over - 1 run, 2 hits, 1 error, 2 left on base; Fort Knox 1 - Valley View 3
BOTTOM OF THE 4TH
Valley View Cougars batting - Pitching for Fort Knox Centennial : RHP Jacob Swanson
Batting: SHB Jesús Beldad 0-0: Ball
1-0: Ball
2-0: Called Strike
2-1: Swinging Strike
2-2: Strikes out swinging
Batting: LHB Guan-pei Bei 0-0: Fly out, F9 (Flyball, 9LD)
Batting: RHB Salvador Hernández 0-0: Ball
1-0: Foul Ball, location: 2F
1-1: Ball
2-1: Ball
3-1: SINGLE (Line Drive, 8LS)
Batting: SHB Marc Cadiou 0-0: Ball
1-0: Foul Ball, location: 2F
1-1: SINGLE (Groundball, 4D)
Salvador Hernández to second
Runner from 2nd tries for 3rd, SAFE, no throw
Batting: RHB Gene Payne 0-0: Fly out, F8 (Flyball, 78D)
Bottom of the 4th over - 0 runs, 2 hits, 0 errors, 2 left on base; Fort Knox 1 - Valley View 3
TOP OF THE 5TH
Fort Knox Centennial batting - Pitching for Valley View Cougars : RHP Malcolm Bullard
Batting: LHB Arhippa Salmivirta 0-0: Ball
1-0: Called Strike
1-1: Swinging Strike
1-2: Strikes out swinging
Batting: LHB Carel van Putten 0-0: Ball
1-0: Foul Ball, location: 2F
1-1: Called Strike
1-2: Strikes out swinging
Batting: RHB Adam Smith 0-0: Ball
1-0: Ground out U3 (Groundball, 23)
Top of the 5th over - 0 runs, 0 hits, 0 errors, 0 left on base; Fort Knox 1 - Valley View 3
BOTTOM OF THE 5TH
Valley View Cougars batting - Pitching for Fort Knox Centennial : RHP Jacob Swanson
Batting: LHB Bill Stanton 0-0: Ball
1-0: Ball
2-0: Foul Ball, location: 2F
2-1: Swinging Strike
2-2: Foul Ball, location: 2F
2-2: Fly out, F9 (Flyball, 89M)
Batting: LHB Ricardo Yates 0-0: Called Strike
0-1: Foul Ball, location: 2F
0-2: Ball
1-2: Strikes out swinging
Batting: LHB Tim Gonzáles 0-0: Fly out, F7 (Flyball, 7D)
Bottom of the 5th over - 0 runs, 0 hits, 0 errors, 0 left on base; Fort Knox 1 - Valley View 3
TOP OF THE 6TH
Fort Knox Centennial batting - Pitching for Valley View Cougars : RHP Malcolm Bullard
Batting: RHB Luis Rodríguez 0-0: Ball
1-0: Foul Ball, location: 2F
1-1: SINGLE (Flyball, 89M)
Batting: LHB Nelson López 0-0: Ball
1-0: Grounds out, U3 (Groundball, 3L)
Batting: LHB Ricardo Varela 0-0: Ball
1-0: Swinging Strike
1-1: Foul Ball, location: 2F
1-2: Foul Ball, location: 2F
1-2: Ball
2-2: Ball
3-2: Strikes out swinging
Batting: LHB Tomislav Jovovich 0-0: Ball
1-0: Ball
2-0: Ball
3-0: Base on Balls
Pinch Runner at 2nd Sergio Chávez:
Batting: RHB Roland Reece 0-0: Ball
1-0: Called Strike
1-1: Foul Ball, location: 2F
1-2: Foul Ball, location: 2F
1-2: Strikes out swinging
Top of the 6th over - 0 runs, 1 hit, 0 errors, 2 left on base; Fort Knox 1 - Valley View 3
BOTTOM OF THE 6TH
Valley View Cougars batting - Pitching for Fort Knox Centennial : RHP Jacob Swanson
Now at 2B: Sergio Chávez
Batting: RHB Luis Rodríguez 0-0: Ball
1-0: Called Strike
1-1: Fly out, F8 (Flyball, 8RD)
Batting: SHB Jesús Beldad 0-0: Called Strike
0-1: Ball
1-1: Foul Ball, location: 2F
1-2: Foul Ball, location: 2F
1-2: Fly out, F1 (Popup, 15)
Batting: LHB Guan-pei Bei 0-0: SINGLE (Line Drive, 6MD)
Batting: RHB Salvador Hernández 0-0: Ball
1-0: Called Strike
1-1: SINGLE (Groundball, 34) (infield hit)
Guan-pei Bei to second
Batting: SHB Marc Cadiou 0-0: Called Strike
0-1: Ball
1-1: Foul Ball, location: 2F
1-2: Fly out, F3 (Line Drive, 34)
Bottom of the 6th over - 0 runs, 2 hits, 0 errors, 2 left on base; Fort Knox 1 - Valley View 3
TOP OF THE 7TH
Fort Knox Centennial batting - Pitching for Valley View Cougars : RHP Malcolm Bullard
Batting: RHB Asbel Kiprop 0-0: Ball
1-0: Foul Ball, location: 2F
1-1: Ball
2-1: Called Strike
2-2: Ball
3-2: Base on Balls
Batting: LHB Arhippa Salmivirta 0-0: Ball
Asbel Kiprop steals 2nd base
1-0: Called Strike
1-1: Swinging Strike
1-2: Fly out, F9 (Flyball, 9S)
Batting: LHB Carel van Putten 0-0: Ball
1-0: Ball
2-0: Ball
3-0: Base on Balls
Pinch Hitting: RHB Pedro Navarro 0-0: Called Strike
0-1: Ball
Asbel Kiprop steals 3rd base
1-1: SINGLE (Groundball, 34S) (infield hit)
Asbel Kiprop scores
Carel van Putten to second
Batting: RHB Sergio Chávez 0-0: Ball
1-0: Ball
2-0: Called Strike
2-1: Ground out 5-3 (Groundball, 5)
Carel van Putten to third
Pedro Navarro to second
Batting: LHB Nelson López 0-0: SINGLE (Line Drive, 4)
Carel van Putten scores
Pedro Navarro to third
Runner from 3rd tries for Home, SAFE, no throw
Batting: LHB Ricardo Varela 0-0: Fly out, F9 (Flyball, 89M)
Top of the 7th over - 3 runs, 2 hits, 0 errors, 1 left on base; Fort Knox 4 - Valley View 3
BOTTOM OF THE 7TH
Valley View Cougars batting - Pitching for Fort Knox Centennial : RHP Jacob Swanson
Pitching: RHP Kuang-yin Tsou
Now at 2B: Pedro Navarro
Batting: RHB Gene Payne 0-0: Called Strike
0-1: Called Strike
0-2: Strikes out looking
Batting: LHB Bill Stanton 0-0: Called Strike
0-1: Foul Ball, location: 2F
0-2: Strikes out swinging
Batting: LHB Ricardo Yates 0-0: Ball
1-0: Ball
2-0: Swinging Strike
2-1: Foul Ball, location: 2F
2-2: Ball
3-2: Base on Balls
Batting: LHB Tim Gonzáles 0-0: SINGLE (Flyball, 8RS)
Ricardo Yates to second
Batting: RHB Luis Rodríguez 0-0: Ball
1-0: SINGLE (Flyball, 9LS)
Ricardo Yates to third
Tim Gonzáles to second
Runner from 3rd tries for Home, SAFE, no throw
Batting: SHB Jesús Beldad 0-0: SINGLE (Line Drive, 34D)
Tim Gonzáles to third
Luis Rodríguez to second
Runner from 3rd tries for Home, SAFE, throw made home
Pitching: LHP Adrik Mihalushkin
Pinch Hitting: RHB Gaetan Fornasari 0-0: Ball
1-0: Foul Ball, location: 2F
1-1: Ball
2-1: Ball
3-1: Called Strike
3-2: Foul Ball, location: 2F
3-2: Foul Ball, location: 2F
3-2: Base on Balls
Luis Rodríguez to third
Jesús Beldad to second
Batting: RHB Salvador Hernández 0-0: Called Strike
0-1: Ball
1-1: Ball
2-1: Ball
3-1: DOUBLE (Line Drive, 7LS)
Luis Rodríguez scores
Jesús Beldad scores
Gaetan Fornasari to third
Runner from 3rd tries for Home, SAFE, no throw
Batting: SHB Marc Cadiou 0-0: Ball
1-0: Fly out, F9 (Flyball, 9S)
Bottom of the 7th over - 5 runs, 4 hits, 0 errors, 1 left on base; Fort Knox 4 - Valley View 8
TOP OF THE 8TH
Fort Knox Centennial batting - Pitching for Valley View Cougars : RHP Malcolm Bullard
Now in CF: Gaetan Fornasari
Batting: LHB Tomislav Jovovich 0-0: Ball
1-0: Called Strike
1-1: Ball
2-1: Ball
3-1: Called Strike
3-2: Foul Ball, location: 2F
3-2: Base on Balls
Batting: RHB Roland Reece 0-0: Called Strike
0-1: Ball
1-1: Swinging Strike
1-2: Foul Ball, location: 2F
1-2: Foul Ball, location: 2F
1-2: Ground out 6-3 (Groundball, 6S)
Tomislav Jovovich to second
Batting: RHB Asbel Kiprop 0-0: Ball
1-0: Foul Ball, location: 2F
1-1: Ball
2-1: Foul Ball, location: 2F
2-2: SINGLE (Groundball, 34) (infield hit)
Tomislav Jovovich to third
Batting: LHB Arhippa Salmivirta 0-0: SINGLE (Groundball, 34S) (infield hit)
Tomislav Jovovich scores
Asbel Kiprop to second
Pitching: RHP Ronald Hall
Batting: LHB Carel van Putten 0-0: Foul Ball, location: 2F
0-1: Ball
1-1: Swinging Strike
1-2: Strikes out swinging
Batting: RHB Pedro Navarro 0-0: Ground out 3-1 (Groundball, 34S)
Top of the 8th over - 1 run, 2 hits, 0 errors, 2 left on base; Fort Knox 5 - Valley View 8
BOTTOM OF THE 8TH
Valley View Cougars batting - Pitching for Fort Knox Centennial : LHP Adrik Mihalushkin
Batting: RHB Gene Payne 0-0: Called Strike
0-1: Ball
1-1: Ball
2-1: Ball
3-1: Foul Ball, location: 2F
3-2: Base on Balls
Batting: LHB Bill Stanton 0-0: Ball
1-0: Fly out, F7 (Flyball, 78S)
Batting: LHB Ricardo Yates 0-0: Ball
1-0: Called Strike
1-1: Ball
2-1: Called Strike
2-2: Foul Ball, location: 2F
2-2: Foul Ball, location: 2F
2-2: Ground out 3-1 (Groundball, 3)
Gene Payne to second
Batting: LHB Tim Gonzáles 0-0: Fly out, F9 (Flyball, 9S)
Bottom of the 8th over - 0 runs, 0 hits, 0 errors, 1 left on base; Fort Knox 5 - Valley View 8
TOP OF THE 9TH
Fort Knox Centennial batting - Pitching for Valley View Cougars : RHP Ronald Hall
Batting: RHB Sergio Chávez 0-0: Called Strike
0-1: Ball
1-1: Reached on error, E3 (Groundball, 23)
Batting: LHB Nelson López 0-0: Foul Ball, location: 2F
0-1: Ball
1-1: Ball
2-1: Swinging Strike
2-2: Foul Ball, location: 2F
2-2: Foul Ball, location: 2F
2-2: Ball
3-2: Foul Ball, location: 2F
3-2: Foul Ball, location: 2F
3-2: Fly out, F9 (Flyball, 9LD)
Runner from 2nd tags up, SAFE at 3rd, no throw
Batting: LHB Ricardo Varela 0-0: Ball
1-0: Called Strike
1-1: Foul Ball, location: 2F
1-2: Strikes out looking
Batting: LHB Tomislav Jovovich 0-0: Ball
1-0: Fly out, F4 (Line Drive, 4)
Top of the 9th over - 0 runs, 0 hits, 1 error, 1 left on base; Fort Knox 5 - Valley View 8
Friday, March 29th, 2019 - OOTP Baseball 18.8 Build 76